 Dungeon Crawl Stone Soup version 0.31-a0-810-ga77100ea1a (webtiles) character file.

Game seed: 6347067552535809367

938 wildpjah the Ruffian (level 7, -1/63 HPs)
             Began as a Troll Shapeshifter on Sept 21, 2023.
             Slain by Duvessa
             ... wielding a +0 short sword
              (3 damage)
             ... on level 4 of the Dungeon.
             The game lasted 00:05:25 (2523 turns).

wildpjah the Ruffian (Troll Shapeshifter)           Turns: 2523, Time: 00:05:26

Health: -1/63      AC:  4    Str: 25    XL:     7   Next: 87%
Magic:  6/6        EV: 11    Int:  8    God:
Gold:   216        SH:  0    Dex: 13    Spells: 6/6 levels left

rFire   + . .        q - +12 long sword of Lust {freeze, Int+2 Dex+4}
rCold   . . .        (no shield)
rNeg    . . .        a - +0 animal skin
rPois   +            (helmet currently unavailable)
rElec   .            (cloak currently unavailable)
rCorr   .            (gloves unavailable)
SInv    .            (boots unavailable)
Will    .....        k - amulet of magic regeneration
Stlth   +            f - ring of protection from fire
HPRegen 1.10/turn    j - ring of poison resistance
MPRegen 0.50/turn

%: no passive effects
@: beast-form
A: beast (slay +2), large, unfitting armour, claws 3, regeneration 1, shaggy fur
1, tough skin 1
a: Begin Untransformation


You were on level 4 of the Dungeon.
You were a hulking beast.
You visited 1 branch of the dungeon, and saw 4 of its levels.
You also visited: Sewer.

You collected 216 gold pieces.

Inventory:

Hand Weapons
 q - the +12 long sword of Lust (weapon) {freeze, Int+2 Dex+4}
   (You found it on level 3 of the Dungeon)

   Int+2:     It affects your intelligence (+2).
   Dex+4:     It affects your dexterity (+4).
Armour
 a - a +0 animal skin (worn)
Jewellery
 f - a ring of protection from fire (left claw)
 j - a ring of poison resistance (right claw)
 k - an amulet of magic regeneration (around neck)
Talismans
 c - a beast talisman (active)
 d - a flux talisman
Scrolls
 g - 2 scrolls of identify
 l - 2 scrolls of enchant armour
 m - a scroll of poison {unknown}
 n - a scroll of fog {unknown}
 p - a scroll of noise {unknown}
 s - a scroll of teleportation
Potions
 b - 3 potions of lignification
 e - 2 potions of curing {unknown}
 h - a potion of degeneration {unknown}
 i - 2 potions of haste {unknown}
 o - a potion of mutation {unknown}
 r - a potion of brilliance {unknown}
 t - a potion of ambrosia {unknown}


   Skills:
 + Level 1.9 Fighting
 + Level 2.8 Long Blades
 + Level 3.7 Dodging
 + Level 0.5 Stealth
 + Level 6.2 Unarmed Combat
 + Level 4.3 Shapeshifting


You had 6 spell levels left.
You didn't know any spells.
Your spell library was empty.

Dungeon Overview and Level Annotations

Branches:
Dungeon (4/15)              Sewer (visited)
 Temple: D:4-7

Altars:
Wu Jian

Annotations:
D:4 Duvessa


Innate Abilities, Weirdness & Mutations

You are a hulking beast.
Your limbs bulge with bestial killing power. (Slay +2)
You are too large for most types of armour.
You have claws for hands.
Your natural rate of healing is unusually fast.
You are covered in fur. (AC +1)
You have tough skin. (AC +1)


Message History

You are too injured to fight recklessly!
You are too injured to fight recklessly!
You are too injured to fight recklessly!
You are too injured to fight recklessly!
You are too injured to fight recklessly!
You are too injured to fight recklessly!
You are too injured to fight recklessly!
You are too injured to fight recklessly!
You are too injured to fight recklessly!
You are too injured to fight recklessly!
You are too injured to fight recklessly!
You are too injured to fight recklessly!
You are too injured to fight recklessly!
You are too injured to fight recklessly!
You are too injured to fight recklessly!
You are too injured to fight recklessly!
Unknown command.
You hit Duvessa. You freeze Duvessa.
Duvessa is lightly wounded.
Duvessa hits you with a +0 short sword.
You slash Duvessa! You freeze Duvessa.
Duvessa is heavily wounded.
Duvessa hits you with a +0 short sword.
You barely miss Duvessa.
Duvessa is heavily wounded.
Duvessa hits you with a +0 short sword.
You closely miss Duvessa.
Duvessa is heavily wounded.
Duvessa hits you with a +0 short sword!
* * * LOW HITPOINT WARNING * * *
Duvessa hits you with a +0 short sword!
* * * LOW HITPOINT WARNING * * *
You hit Duvessa but do no damage.
Duvessa is heavily wounded.
Duvessa hits you with a +0 short sword!
* * * LOW HITPOINT WARNING * * *
You slash Duvessa! You freeze Duvessa.
Duvessa is almost dead.
Duvessa hits you with a +0 short sword.
You die...

#.######.#
####.#......#####
#.......###....<.
#.##.#..###......
#.##.#..#........
#.##......#......
##.#####.####..###......
............[.>......###
#.####h############.#
#....e†)....# ##†##
...#....)...... #...#
#.##..#.#.#. #...# #.
#..#.# # #...# . #.....
#.## #...# ..
##........###...## ..
.## #.. .#..........
..###. ...........


You could see Duvessa.

Vanquished Creatures
  Grinder (D:4)
  Sigmund (D:3)
  A water moccasin (D:3)
  An ogre (D:4)
  A kobold brigand (Sewer)
  A hound (D:4)
  A sleepcap (D:4)
  An iguana (D:4)
  8 adders
  6 river rats
  4 worms
  4 dart slugs
  8 endoplasms
  4 giant cockroaches
  8 hobgoblins
  6 jackals
  8 quokkas
  15 ball pythons
  5 bats (D:1)
  5 frilled lizards
  4 goblins (D:1)
  11 kobolds
  8 rats
112 creatures vanquished.

Notes
Turn   | Place    | Note
-------+----------+-------------------------------------------
     0 | D:1      | wildpjah the Troll Shapeshifter began the quest for the
                  | Orb.
     0 | D:1      | Reached XP level 1. HP: 18/18 MP: 0/0
   112 | D:1      | Reached XP level 2. HP: 26/26 MP: 1/1
   362 | D:1      | Reached XP level 3. HP: 25/25 MP: 2/2
   945 | D:2      | Reached XP level 4. HP: 32/39 MP: 3/3
   955 | D:2      | Found a faded altar of an unknown god.
  1235 | D:3      | Reached skill level 4 in Unarmed Combat
  1326 | D:3      | Found an ornate altar of the Wu Jian Council.
  1329 | D:3      | Noticed Sigmund
  1336 | D:3      | Killed Sigmund
  1337 | D:3      | Reached skill level 1 in Fighting
  1337 | D:3      | Reached skill level 5 in Unarmed Combat
  1337 | D:3      | Reached XP level 5. HP: 48/48 MP: 4/4
  1337 | D:3      | Reached XP level 6. HP: 55/55 MP: 5/5
  1355 | D:3      | Noticed a water moccasin
  1359 | D:3      | Killed a water moccasin
  1606 | D:3      | Identified the +12 long sword of Lust {freeze, Int+2 Dex+4}
  1781 | D:4      | Identified the +8 long sword of Jobijo Cane {heavy, rN+
                  | Will+++}
  1897 | D:4      | Found a glowing drain.
  1915 | Sewer    | Entered a sewer
  1931 | Sewer    | Reached skill level 6 in Unarmed Combat
  2009 | Sewer    | Reached XP level 7. HP: 49/62 MP: 6/6
  2315 | D:4      | Reached skill level 1 in Long Blades
  2316 | D:4      | Noticed Grinder
  2320 | D:4      | Paralysed by Grinder for 5 turns
  2328 | D:4      | Killed Grinder
  2513 | D:4      | Noticed Duvessa
  2522 | D:4      | HP: 1/63 [Duvessa/+0 short sword (9)]
  2523 | D:4      | Slain by Duvessa

Illustrated notes

Levels and vault maps discovered:
D:1:      minmay_arrival_solitary_statue, layout_basic
D:2:      layout_rooms, nicolae_ecumenical_oubliette, minmay_pentomino_x2
D:3:      layout_basic, nicolae_wu_jian_wuxing_cycle, minmay_ruptured,
          uniq_sigmund
D:4:      layout_loops_cross, portal_sewer_entry_c, uniq_grinder, uniq_duvessa

Skill      XL: |  1  2  3  4  5  6  7 |
---------------+----------------------+-----
Dodging        | 2 3 |  3.7
Unarmed Combat | 5 6 |  6.2
Fighting       | 1 |  1.9
Shapeshifting  | 4 |  4.3
Long Blades    | 2 |  2.8
Stealth        | |  0.5

Action                     |  1- 3 |  4- 6 |  7- 9 || total
---------------------------+-------+-------+-------++-------
  Melee: Unarmed           |    97 |    65 |       ||   162
         Punch             |     2 |     3 |     1 ||     6
         Long sword        |       |    40 |    39 ||    79
    Use: Scroll            |       |     5 |       ||     5
   Stab: Sleeping          |       |       |     1 ||     1
 Armour: Animal skin       |    91 |    56 |    32 ||   179
  Dodge: Dodged            |    74 |    44 |    21 ||   139

Table legend: (Time is in decaauts)
 A = Elapsed time spent in this place.
 B = Non-inter-level travel time spent in this place.
 C = Inter-level travel time spent in this place.
 D = Time resting spent in this place.
 E = Time spent auto-exploring this place.
 F = Levels seen in this place.
 G = Mean time per level.
                   A        B        C        D        E       F      G
               +--------+--------+--------+--------+--------+-----+--------+
         Total |   2536 |   2467 |     69 |      0 |   1842 |   5 |  507.2 |
       Dungeon |   2232 |   2163 |     69 |      0 |   1671 |   4 |  558.0 |
         Sewer |    304 |    304 |      0 |      0 |    171 |   1 |  304.0 |
               +--------+--------+--------+--------+--------+-----+--------+

Top non-repeatable levels by time:
     D:1: 780 daAuts
     D:3: 505 daAuts
     D:4: 505 daAuts
     D:2: 441 daAuts
   Sewer: 304 daAuts
